 Dungeon Crawl Stone Soup version 0.29-a0-350-g7790a0e70a (webtiles) character file.

Game seed: 18360331145284124026

2 runemasterragnar the Ruffian (level 1, -2/16 HPs)
             Began as a Draconian Transmuter on Apr 22, 2022.
             Killed from afar by Natasha (4 damage)
             ... with a magic dart
             ... on level 2 of the Dungeon.
             The game lasted 00:00:26 (156 turns).

runemasterragnar the Ruffian (Draconian Transmuter)  Turns: 156, Time: 00:00:27

Health: -2/16      AC:  4    Str: 12    XL:     1   Next: 25%
Magic:  3/3        EV: 12    Int: 13    God:
Gold:   0          SH:  0    Dex: 11    Spells: 3/4 levels left

rFire   . . .      SeeInvis .     - Unarmed
rCold   . . .      Faith    .   (no shield)
rNeg    . . .      Spirit   .   (body armour unavailable)
rPois   .          Reflect  .   (helmet currently unavailable)
rElec   .          Harm     .   (no cloak)
rCorr   .          Rampage  .   (no gloves)
Will    .....                   (boots currently unavailable)
Stlth   +.........              (no amulet)
HPRegen 0.05/turn               (no ring)
MPRegen 0.08/turn               (no ring)

@: appendages (expiring)
A: horns 2, talons 2, AC +4, unfitting armour, cold-blooded
a: End Transformation


You were on level 2 of the Dungeon.
You had temporarily grown beastly horns and talons.
You visited 1 branch of the dungeon, and saw 2 of its levels.

Inventory:

Potions
 a - a potion of lignification
 b - a potion of curing {unknown}


   Skills:
 - Level 1.1 Fighting
 - Level 1.7 Dodging
 - Level 3.0 Unarmed Combat
 + Level 2.0 Spellcasting
 * Level 2.1 Transmutations


You had 3 spell levels left.
You knew the following spells:

 Your Spells              Type           Power      Damage    Failure   Level
a - Beastly Appendage     Tmut           12%        N/A       11%         1

Your spell library contained the following spells:

 Spells                   Type           Power      Damage    Failure   Level
 Wereblood                Tmut           6%         N/A       16%         2
 Spider Form              Tmut/Pois      4%         N/A       45%         3
 Ice Form                 Ice/Tmut       4%         N/A       86%         4


Dungeon Overview and Level Annotations

Branches:
Dungeon (1/15)

Altars:
Lugonu

Portals:
Abyss: D:1

Annotations:
D:2 Natasha


Innate Abilities, Weirdness & Mutations

You have temporarily grown beastly horns and talons.
Your plain brown scales are hard. (AC +4)
You cannot fit into any form of body armour.
You are cold-blooded and may be slowed by cold attacks.


Message History

Casting: Beastly Appendage (safe; 11% risk of failure)
Confirm with . or Enter, or press ? or * to list all spells.
You grow a pair of large bovine horns.
Your feet morph into talons.
Found an escape hatch in the ceiling.
Natasha, Servant of Life and Death comes into view.
Your transformation is almost over.
Natasha hisses angrily.
Natasha casts a spell at you. You resist with significant effort.
Found a stone staircase leading up.
The kobold barely misses you.
You hit the kobold.
You kill the kobold!
Natasha stares at you and mumbles some strange words.
The magic dart hits you.
Things that are here:
a +0 club; a kobold corpse Natasha claws you but does no damage.
You miss Natasha. You claw Natasha.
Natasha is moderately wounded.
Natasha barely misses you.
You barely miss Natasha.
Natasha is moderately wounded.
Natasha closely misses you.
You hit Natasha.
Natasha is heavily wounded.
Natasha claws you.
You are too injured to fight recklessly!
You barely miss Natasha.
Natasha is heavily wounded.
Natasha claws you.
* * * LOW HITPOINT WARNING * * *
You hit Natasha but do no damage.
Natasha is heavily wounded.
Natasha closely misses you.
You barely miss Natasha. Your headbutt misses Natasha.
Natasha is heavily wounded.
Natasha hisses.
Natasha stares at you and mumbles some strange words.
The magic dart hits you.
You die...

#.. #.# #.# #####
#######.###...# #
......).....#.# .#
#######.###...##.##
#.# #.......#
#.###..)....###
#.##...@.......
#.....<.h....##
####.........#
##........#
#........#
#.#.<###.# ##.#..
..# # .# .#


You could see Natasha.

Vanquished Creatures
  A hobgoblin (D:1)
  A kobold (D:2)
2 creatures vanquished.

Notes
Turn   | Place    | Note
-------+----------+-------------------------------------------
     0 | D:1      | runemasterragnar the Draconian Transmuter began the quest
                  | for the Orb.
     0 | D:1      | Reached XP level 1. HP: 16/16 MP: 3/3
    62 | D:1      | Noticed an iron imp
    63 | D:1      | Found a corrupted altar of Lugonu.
    63 | D:1      | Found a one-way gate to the infinite horrors of the Abyss.
    63 | D:1      | Noticed an iron imp
    63 | D:1      | Noticed an iron imp
    64 | D:1      | Noticed a demonic crawler
    89 | D:1      | You fall into a shaft and drop 1 floor!
   146 | D:2      | Noticed Natasha
   156 | D:2      | Killed from afar by Natasha

Illustrated notes

Levels and vault maps discovered:
D:1:      erik_arrival_cave_to_civilisation [erik_arrival_cave_to_temple],
          layout_basic, serial_shops, shop, ebering_ecumenical_altar_rust
D:2:      layout_loops_ring, dk_vineyard_1, uniq_natasha, uniq_terence

Action                   || total
-------------------------++-------
Melee: Unarmed           ||    13
       Kick              ||     4
       Tailslap          ||     1
 Cast: Beastly Appendage ||     2
Armor: Skin              ||    10
Dodge: Dodged            ||    12

Table legend: (Time is in decaauts)
 A = Elapsed time spent in this place.
 B = Non-inter-level travel time spent in this place.
 C = Inter-level travel time spent in this place.
 D = Time resting spent in this place.
 E = Time spent auto-exploring this place.
 F = Levels seen in this place.
 G = Mean time per level.
                   A        B        C        D        E       F      G
               +--------+--------+--------+--------+--------+-----+--------+
         Total |    155 |    155 |      0 |      0 |    101 |   2 |   77.5 |
       Dungeon |    155 |    155 |      0 |      0 |    101 |   2 |   77.5 |
               +--------+--------+--------+--------+--------+-----+--------+

Top non-repeatable levels by time:
     D:1: 88 daAuts
     D:2: 66 daAuts
